 Dungeon Crawl Stone Soup version 0.28-a0-312-gbced6e68ee (webtiles) character file.

Game seed: 6832315761880322048

411 Shayle the Insei (level 7, 0/49 HPs)
             Began as a Djinni Warper on Aug 31, 2021.
             Splashed by a jelly's acid (9 damage)
             ... on level 4 of the Dungeon.
             The game lasted 00:13:17 (6313 turns).

Shayle the Insei (Djinni Warper)                    Turns: 6313, Time: 00:13:18

Health: 0/49       AC:  0    Str: 10    XL:     7   Next: 14%
Gold:   158        EV: 11    Int: 16    God:
                   SH:  0    Dex: 13

rFire   + + .      SeeInvis .   j - +2 dagger (venom)
rCold   x . .      Faith    .   (no shield)
rNeg    . . .      Spirit   .   a - +0 leather armour
rPois   ∞          Reflect  .   (no helmet)
rElec   .          Harm     .   (no cloak)
rCorr   .          Rampage  .   (no gloves)
Will    +....                   (boots unavailable)
Stlth   +.........              p - amulet of regeneration
HPRegen 1.16/turn               e - ring of willpower
MPRegen 0.00/turn               (no ring)

@: corroded, flying
A: sickness immunity, fire resistance 2, cold vulnerability 1, float, innate
caster, hp casting, extra vitality 1
a: no special abilities


You were on level 4 of the Dungeon.
You visited 2 branches of the dungeon, and saw 6 of its levels.

You collected 158 gold pieces.

Inventory:

Hand Weapons
 c - a +0 halberd of venom
 j - a +2 dagger of venom (weapon)
Missiles
 f - 143 stones (quivered)
Armour
 a - a +0 leather armour (worn)
Jewellery
 e - a ring of willpower (left hand)
 n - an amulet of faith
 p - an amulet of regeneration (around neck)
Wands
 i - a wand of mindburst (4)
 l - a wand of flame (15)
Scrolls
 d - a scroll of fog
 g - a scroll of amnesia {unknown}
 k - a scroll of magic mapping {unknown}
Potions
 b - a potion of haste
 h - a potion of attraction
 m - a potion of resistance {unknown}
 o - a potion of heal wounds


   Skills:
 - Level 2.0 Fighting
 - Level 0.7 Throwing
 - Level 1.0 Armour
 - Level 2.1 Dodging
 + Level 6.4 Unarmed Combat
 - Level 3.3 Spellcasting


You couldn't memorise any spells.
You knew the following spells:

 Your Spells              Type           Power      Damage    Failure   Level
a - Blink                 Tloc           N/A        N/A       10%         2
b - Lesser Beckoning      Tloc           13%        N/A       19%         3
c - Gell's Gravitas       Tloc           6%         N/A       19%         3
d - Teleport Other        Tloc           13%        N/A       19%         3
e - Manifold Assault      Tloc           13%        N/A       86%         5
f - Sandblast             Erth           26%        2d8       6%          1
g - Call Imp              Summ           13%        N/A       10%         2
h - Dazzling Flash        Conj/Hex       26%        N/A       19%         3
Your spell library was empty.

Dungeon Overview and Level Annotations

Branches:
Dungeon (5/15)             Temple (1/1) D:4

Altars:
Cheibriados
Elyvilon
Fedhas
Gozag
Hepliaklqana
Makhleb
Nemelex Xobeh
Okawaru
Qazlal
Ru
Sif Muna
Trog
Uskayaw
Vehumet
Wu Jian
Xom
Yredelemnul
Zin
The Shining One

Shops:
D:2 =


Innate Abilities, Weirdness & Mutations

You are immune to sickness and miasma.
You are immune to poison.
Your flesh is very heat resistant. (rF++)
You are vulnerable to cold. (rC-)
You float through the air rather than walking.
You learn spells naturally, not from books.
Your magical power is your life essence.
You have superior vitality. (+4 HP)


Message History

Unknown command.
Aiming: Mindburst
Press: ? - help, Shift-Dir - straight line, f/p - orc priest
Aim: an orc priest, wielding a +0 flail (severely wounded, chance to affect: 65%)
The orc priest struggles to resist.
The orc priest mumbles some strange prayers to Beogh against you.
Beogh smites you!
The orc throws a boomerang.
The boomerang hits you. The orc hits you with a +0 whip. The jelly hits you.
The acid corrodes you!
You are splashed with acid!
You fly upwards.
There is a stone staircase leading down here.
You hit the jelly.
Your hands burn!
The jelly is moderately wounded.
The orc hits you with a +0 whip! The jelly hits you.
* * * LOW HITPOINT WARNING * * *
You are splashed with acid!
* * * LOW HITPOINT WARNING * * *
Unknown command.
Okay, then.
You feel much better. The orc hits you with a +0 whip.
The jelly barely misses you.
Okay, then.
Okay, then.
Casting: Sandblast (safe; 6% risk of failure)
Confirm with . or Enter, or press ? or * to list all spells.
You blink.
The orc hits you with a +0 whip.
You hit the jelly but do no damage.
Your hands burn!
The jelly is moderately wounded.
The orc barely misses you.
You hit the jelly.
Your hands burn!
* * * LOW HITPOINT WARNING * * *
The jelly is heavily wounded.
The orc hits you with a +0 whip.
* * * LOW HITPOINT WARNING * * *
The jelly hits you.
* * * LOW HITPOINT WARNING * * *
You are splashed with acid!
You die...

#.## #..........#
...##### #.÷........#
.......######...)......#
.....#......#..>.......#
.......................#
.....<#####...(.......##
.....>##...##..........#
.......#...##..oJ......#
...........##...@......#
...........##..........#
......##...##.###......#
......##...##.+_'.....##
......##...######....##
......###### ######
......# .....## .)..##


You could see a jelly and an orc.

Vanquished Creatures
  An orc priest (D:3)
  A hound (D:4)
  A jelly (D:5)
  An iron imp (D:3)
  An iguana (D:4)
  Ijyb (D:4)
  An orc wizard (D:2)
  6 gnolls
  7 adders
  An adder skeleton (D:4)
  A worm (D:2)
  7 orcs
  7 ball pythons
  5 bats
  3 endoplasms
  10 giant cockroaches
  8 goblins
  3 hobgoblins
  5 jackals
  6 kobolds
  2 quokkas
  3 frilled lizards
  6 rats
87 creatures vanquished.

Vanquished Creatures (others)
  2 demonic plants (D:1)
  18 plants (D:3)
  2 withered plants (D:1)
22 creatures vanquished.

Grand Total: 109 creatures vanquished

Notes
Turn   | Place    | Note
-------+----------+-------------------------------------------
     0 | D:1      | Shayle the Djinni Warper began the quest for the Orb.
     0 | D:1      | Reached XP level 1. HP: 18/18 MP: 0/0
    67 | D:1      | Reached XP level 2. HP: 10/23 MP: 0/0
   288 | D:1      | Found a faded altar of an unknown god.
   604 | D:1      | Reached XP level 3. HP: 27/28 MP: 0/0
   604 | D:1      | Learned a level 1 spell: Sandblast
  1015 | D:1      | Found an ornate altar of the Wu Jian Council.
  1310 | D:2      | Found Iharic's Jewellery Emporium.
  1336 | D:2      | Reached skill level 3 in Unarmed Combat
  1730 | D:2      | Reached XP level 4. HP: 26/33 MP: 0/0
  2206 | D:2      | Reached XP level 5. HP: 36/38 MP: 0/0
  2206 | D:2      | Learned a level 2 spell: Call Imp
  2502 | D:3      | Reached skill level 4 in Unarmed Combat
  3084 | D:4      | Found a hazy altar of Hepliaklqana.
  3180 | D:4      | Reached XP level 6. HP: 37/43 MP: 0/0
  3242 | D:4      | Noticed Ijyb
  3251 | D:4      | Killed Ijyb
  3252 | D:4      | Reached skill level 5 in Unarmed Combat
  4863 | D:3      | Found a burning altar of Makhleb.
  4900 | D:3      | HP: 2/43 [iron imp (9)]
  4902 | D:3      | Reached skill level 6 in Unarmed Combat
  5212 | D:4      | Found a staircase to the Ecumenical Temple.
  5222 | Temple   | Entered the Ecumenical Temple
  5430 | D:4      | Reached XP level 7. HP: 13/49 MP: 0/0
  5430 | D:4      | Learned a level 3 spell: Dazzling Flash
  5807 | D:4      | Found a sacrificial altar of Ru.
  5895 | D:5      | Entered Level 5 of the Dungeon
  6313 | D:4      | Splashed by a jelly's acid

Illustrated notes

Levels and vault maps discovered:
D:1:      sevenhm_arrival_forest_fort_small_4, layout_loops_ring,
          shapermc_ecumenical_altar_gd, minmay_misc_feat_hallway,
          minmay_crystal_room, kennysheep_flooded_box
D:2:      layout_loops_ring, serial_shops, nicolae_shop_waterfront
D:3:      layout_rooms, demons_altar, serial_bayou, serial_bayou_lagoon_a,
          serial_bayou_pond_c, serial_bayou_lagoon_b, serial_bayou_pond_e,
          corexii_corridor_pit
D:4:      layout_rooms, mainiacjoe_overflow_24_doors, kennysheep_mini,
          minmay_temple_entry_glass, uniq_ijyb
D:5:      layout_rooms, jmf_multi_god_temple, ashenzari_altar_1,
          chequers_serial_rivers_small_a, uniq_prince_ribbit1
Temple:   nicolae_temple_elliptical

Skill      XL: |  1  2  3  4  5  6 |
---------------+-------------------+-----
Spellcasting   | 3 |  3.3
Unarmed Combat | 3 4 6 |  6.4
Fighting       | |  2.0
Throwing       | |  0.7
Armour         | |  1.0
Dodging        | |  2.1

Action                   |  1- 3 |  4- 6 |  7- 9 || total
-------------------------+-------+-------+-------++-------
Melee: Unarmed           |   125 |     1 |       ||   126
       Punch             |     2 |     3 |       ||     5
       Dagger            |       |   120 |    15 ||   135
Throw: Boomerang         |     4 |     1 |       ||     5
 Cast: Sandblast         |    17 |    22 |       ||    39
       Blink             |       |       |     1 ||     1
Evoke: Wand              |       |     2 |     2 ||     4
  Use: Scroll            |     1 |     1 |     3 ||     5
       Potion            |       |     1 |     1 ||     2
Armor: Leather armour    |    34 |    20 |     3 ||    57
Dodge: Dodged            |    97 |    69 |    13 ||   179

Table legend: (Time is in decaauts)
 A = Elapsed time spent in this place.
 B = Non-inter-level travel time spent in this place.
 C = Inter-level travel time spent in this place.
 D = Time resting spent in this place.
 E = Time spent auto-exploring this place.
 F = Levels seen in this place.
 G = Mean time per level.
                   A        B        C        D        E       F      G
               +--------+--------+--------+--------+--------+-----+--------+
         Total |   6317 |   6197 |    120 |   2479 |   2531 |   6 | 1052.8 |
       Dungeon |   6168 |   6070 |     98 |   2479 |   2420 |   5 | 1233.6 |
        Temple |    148 |    126 |     22 |      0 |    111 |   1 |  148.0 |
               +--------+--------+--------+--------+--------+-----+--------+

Top non-repeatable levels by time:
     D:4: 2119 daAuts
     D:2: 2006 daAuts
     D:1: 1231 daAuts
     D:3: 742 daAuts
  Temple: 148 daAuts
     D:5: 67 daAuts
